cohdb
Replays
Latest Replays
All Replays
Popular Replays
Top Player Replays
Match Explorer
How It Works
Community
CoH3 Stats
Reddit
Sign in to upload your games and track your stats! →
Sign in with Steam
Match 43747571
Unlisted
Match 43747571
Overview
Messages
Build Orders
End
Construct Barracks
Selects Airborne Battlegroup
Selects Heavy Machine Gun Paradrop
Heavy Machine Gun Paradrop
Riflemen Squad
Heavy Machine Gun Paradrop
Riflemen Squad
Grenade Package
Selects Paratrooper Squad Paradrop
Paratrooper Squad Paradrop
Construct Weapon Support Center
Mechanized Support Center
Selects Recon Loiter
Improved M9 Bazooka Rockets
Construct Tank Depot
Selects Paradrop Reinforcements
Recon Loiter
M4(105) Sherman Bulldozer
B1t
SkyCurv
peace
JonyCalcinha
0
0
Comments
sign in to comment!
No comments posted yet!